 Dungeon Sprint DCSS version 0.29-a0-284-gf9362112df (webtiles) character file.

Game seed: 2438304105751748847

104305 mhtbhm the Minotaur Porcupine (level 15, -26/174 HPs)
             Began as a Minotaur Berserker on Mar 26, 2022.
             Was the Champion of Trog.
             Killed from afar by a frost giant (27 damage)
             ... with a bolt of cold
             ... in the Dungeon (Sprint III: "The Ten Rune Challenge").
             The game lasted 00:17:48 (9686 turns).

mhtbhm the Minotaur Porcupine (Minotaur Berserker)  Turns: 9686, Time: 00:17:48

Health: -26/174    AC: 26    Str: 28    XL:     15   Next: 12%
Magic:  14/14      EV: 12    Int:  4    God:    Trog [******]
Gold:   835        SH: 25    Dex: 11    Spells: 14/14 levels left

rFire   + . .      SeeInvis +   v - +8 demon trident (vamp)
rCold   . . .      Faith    .   h - +0 tower shield {reflect}
rNeg    + . .      Spirit   .   b - +1 plate armour {rF+}
rPois   .          Reflect  +   y - +0 hat {SInv}
rElec   .          Harm     .   m - +2 cloak
rCorr   .          Rampage  .   (no gloves)
Will    +++..      NoTele   +   (no boots)
Stlth   ..........              q - amulet of reflection
HPRegen 1.39/turn               d - ring of positive energy
MPRegen 0.14/turn               (no ring)

@: strong-willed, on berserk cooldown, regenerating, slowed, very slow
A: horns 2, retaliatory headbutt
}: 2/10 runes: serpentine, barnacled
a: Renounce Religion, Berserk, Trog's Hand, Brothers in Arms


You were in the Dungeon.
You worshipped Trog.
Trog was exalted by your worship.
You visited 1 branch You collected 2357 gold pieces.
You spent 1522 gold pieces at shops.

Inventory:

Hand Weapons
 a - a +4 bardiche of venom
 o - a +4 glaive of flaming
 v - a +8 vampiric demon trident (weapon)
Missiles
 c - 7 curare-tipped darts (quivered)
 w - 3 silver javelins
Armour
 b - a +1 plate armour of fire resistance (worn)
 h - a +0 tower shield of reflection (worn)
 m - a +2 cloak (worn)
 y - a +0 hat of see invisible (worn)
Jewellery
 d - a ring of positive energy (left hand)
 q - an amulet of reflection (around neck)
Wands
 s - a wand of flame (21)
Scrolls
 j - 2 scrolls of torment
 k - a scroll of identify
 r - 4 scrolls of holy word
Potions
 e - a potion of haste
 f - 2 potions of magic
 g - 2 potions of berserk rage
 i - 4 potions of mutation
 l - 4 potions of flight
Miscellaneous
 n - a lightning rod (3/4)
 t - a tin of tremorstones (2/2)


   Skills:
 O Level 27 Fighting
 O Level 27 Polearms
 + Level 2.5 Throwing
 + Level 24.4 Armour
 + Level 13.1 Dodging
 + Level 6.6 Stealth
 + Level 19.2 Shields
 + Level 6.9 Evocations


You had 14 spell levels left.
You didn't know any spells.
Your spell library was empty.

Dungeon Overview and Level Annotations

Branches:
Dungeon (1/1)

Altars:
Cheibriados
Dithmenos
Elyvilon
Fedhas
Gozag
Hepliaklqana
Kikubaaqudgha
Makhleb
Nemelex Xobeh
Okawaru
Qazlal
Ru
Sif Muna
Trog
Uskayaw
Vehumet
Wu Jian
Xom
Yredelemnul
Zin
The Shining One
Beogh
Jiyva
Lugonu

Shops:
D [!=!:(?*![![*?(:[=


Innate Abilities, Weirdness & Mutations

You have a pair of horns on your head.
You reflexively headbutt those who attack you in melee.


Message History

The bolt of cold hits you!
* * * LOW HITPOINT WARNING * * *
Unknown command.
Okay, then.
Okay, then.
Your skin crawls.
You feel strong-willed.
The golden dragon bites you but does no damage.
The golden dragon claws you but does no damage.
You block the golden dragon's attack.
Unknown command.
Okay, then.
Your deep troll goes berserk!
You block the golden dragon's attack. The golden dragon closely misses you.
You block the golden dragon's attack. The golden dragon bites you!!
* * * LOW HITPOINT WARNING * * *
The golden dragon claws you but does no damage.
The golden dragon tramples you but does no damage.
Unknown command.
You feel better.
The golden dragon bites you but does no damage.
You block the golden dragon's attack.
The golden dragon tramples you but does no damage.
Your deep troll bites the golden dragon but does no damage.
Your deep troll claws the golden dragon. x2
Unknown command.
Unknown command.
You catch the helpless golden dragon completely off-guard!
You puncture the golden dragon!
You feel better.
You headbutt the golden dragon, but do no damage.
The golden dragon is almost dead.
Your deep troll bites the golden dragon!!
The golden dragon dies!
Trog accepts your kill.
The frost giant points at you and mumbles some strange words.
The bolt of cold hits you!!
* * * LOW HITPOINT WARNING * * *
The frost giant gestures at you while chanting.
The bolt of cold hits you!!
You die...

#############
..zpDC)@○○○≈#
...cCC#T≈≈≈≈# ....C
#.≈≈≈≈# ....
#.≈≈≈.# ... #≈≈≈≈≈#
.. #.≈...# # .
#.....# # #b....# #
#################'#


You could see a shadow dragon, 2 frost giants, a fire giant, a stone giant, a
vault guard, a skeletal warrior, a centaur warrior and a friendly deep troll
(summoned, berserk).

Vanquished Creatures
  Frederick (D)
  2 golden dragons (D)
  3 bone dragons (D)
  Rupert (D)
  A lich (D)
  Polyphemus (D)
  Frances (D)
  Gastronok (D)
  Chuck (D)
  Donald (D)
  2 shadow dragons (D)
  Ilsuiw (D)
  A nagaraja (D)
  3 azure jellies (D)
  A vampire knight (D)
  An entropy weaver (shapeshifter) (D)
  2 dire elephants (D)
  A merfolk javelineer (D)
  A yaktaur captain (D)
  A fire dragon (D)
  2 hydras (D)
  13 vault guards (D)
  A centaur warrior (D)
  Erolcha (D)
  7 anacondas (D)
  A naga warrior (D)
  An ogre mage (D)
  4 death yaks (D)
  4 dancing weapons (D)
  Urug (D)
  A deep elf knight (D)
  2 skeletal warriors (D)
  A sea snake (D)
  A death drake (D)
  A spriggan druid (D)
  A lindwurm (D)
  4 deep elf zephyrmancers (D)
  An orange crystal statue (D)
  A mana viper (shapeshifter) (D)
  An obsidian statue (D)
  2 ugly things (D)
  A deep elf pyromancer (D)
  An orc sorcerer (D)
  2 elephants (D)
  A guardian serpent (D)
  5 black mambas (D)
  2 cane toads (D)
  A komodo dragon (D)
  A rime drake (D)
  3 guardian mummies (D)
  4 spriggan defenders (D)
  2 tyrant leeches (D)
  3 wandering mushrooms (D)
  A tarantella (shapeshifter) (D)
  An orc high priest (D)
  A queen bee (D)
  6 slime creatures (D)
  8 blink frogs (D)
  3 dream sheep (D)
  2 spriggans (D)
  A shadow (D)
  A redback (shapeshifter) (D)
  5 redbacks (D)
  2 nagas (D)
  A spatial vortex (D)
  2 water moccasins (D)
  A swamp drake (D)
  2 floating eyes (shapeshifter) (D)
  2 orc warriors (D)
  5 two-headed ogres (D)
  A water elemental (D)
  A necrophage (D)
  A scorpion (D)
  32 killer bees (D)
  An electric eel (D)
  5 orc priests (D)
  A jelly (D)
  An orc wizard (D)
  Jessica (D)
  4 necromancers (D)
  A wizard (D)
  3 humans (D)
  A kobold demonologist (D)
  2 adders (D)
  An adder zombie (D)
  An adder simulacrum (D)
  12 orcs (D)
  A bat zombie (D)
  An endoplasm (D)
  A ball python simulacrum (D)
  A giant cockroach simulacrum (D)
  2 rats (D)
  6 butterflies (D)
  A plant (D)
230 creatures vanquished.

Vanquished Creatures (collateral kills)
  A golden dragon (D)
  An azure jelly (D)
  A vault guard (D)
3 creatures vanquished.

Vanquished Creatures (others)
  A bush (D)
  20 plants (D)
21 creatures vanquished.

Grand Total: 254 creatures vanquished

Notes
Turn   | Place    | Note
-------+----------+-------------------------------------------
     0 | D        | mhtbhm the Minotaur Berserker began the quest for the Orb.
     0 | D        | Reached XP level 1. HP: 19/19 MP: 0/0
    14 | D        | Reached ** piety under Trog
    15 | D        | Noticed Jessica
    21 | D        | Killed Jessica
    22 | D        | Reached skill level 5 in Fighting
    22 | D        | Reached XP level 2. HP: 16/30 MP: 1/1
    22 | D        | Reached XP level 3. HP: 20/37 MP: 2/2
   167 | D        | Noticed a scorpion
   176 | D        | Killed a scorpion
   177 | D        | Reached XP level 4. HP: 47/47 MP: 3/3
   307 | D        | Noticed a water elemental
   312 | D        | Killed a water elemental
   312 | D        | Reached *** piety under Trog
   313 | D        | Reached XP level 5. HP: 37/56 MP: 4/4
   421 | D        | Found a radiant altar of Vehumet.
   421 | D        | Found a shimmering blue altar of Sif Muna.
   421 | D        | Found an ancient bone altar of Kikubaaqudgha.
   433 | D        | Reached **** piety under Trog
   434 | D        | Reached skill level 10 in Polearms
   470 | D        | Found a basalt altar of Yredelemnul.
   470 | D        | Found a shadowy altar of Dithmenos.
   470 | D        | Found a sacrificial altar of Ru.
   481 | D        | Reached XP level 6. HP: 61/66 MP: 5/5
   526 | D        | Found a glowing silver altar of Zin.
   526 | D        | Found a glowing golden altar of the Shining One.
   526 | D        | Found a white marble altar of Elyvilon.
   526 | D        | Noticed a deep elf pyromancer
   530 | D        | Killed a deep elf pyromancer
   530 | D        | Reached ***** piety under Trog
   531 | D        | Reached skill level 5 in Armour
   531 | D        | Reached XP level 7. HP: 75/75 MP: 6/6
   573 | D        | Found a hide-covered altar of Uskayaw.
   573 | D        | Found an iron altar of Okawaru.
   573 | D        | Found a bloodstained altar of Trog.
   573 | D        | Found an ornate altar of the Wu Jian Council.
   573 | D        | Noticed a human
   573 | D        | Noticed a human
   583 | D        | Killed a human
   584 | D        | Killed a human
   622 | D        | Reached XP level 8. HP: 81/85 MP: 7/7
   649 | D        | Reached skill level 15 in Polearms
   649 | D        | Reached skill level 1 in Stealth
   837 | D        | Found a blossoming altar of Fedhas.
   837 | D        | Found a stormy altar of Qazlal.
   837 | D        | Found a snail-covered altar of Cheibriados.
   837 | D        | Found a burning altar of Makhleb.
   837 | D        | Found a shimmering altar of Xom.
   838 | D        | Found a hazy altar of Hepliaklqana.
   838 | D        | Found an opulent altar of Gozag.
   838 | D        | Found a sparkling altar of Nemelex Xobeh.
   838 | D        | Found a corrupted altar of Lugonu.
   838 | D        | Found a viscous altar of Jiyva.
   849 | D        | Received a gift from Trog
   922 | D        | Noticed a two-headed ogre
   929 | D        | Killed a two-headed ogre
  1087 | D        | Noticed a two-headed ogre
  1087 | D        | Noticed Erolcha
  1095 | D        | Killed Erolcha
  1096 | D        | Reached XP level 9. HP: 80/96 MP: 8/8
  1097 | D        | Killed a two-headed ogre
  1097 | D        | Received a gift from Trog
  1267 | D        | Reached skill level 15 in Fighting
  1417 | D        | Noticed a wandering mushroom
  1422 | D        | Noticed a wandering mushroom
  1428 | D        | Killed a wandering mushroom
  1429 | D        | Noticed a wandering mushroom
  1434 | D        | Killed a wandering mushroom
  1440 | D        | Killed a wandering mushroom
  1491 | D        | Noticed an orc sorcerer
  1494 | D        | Received a gift from Trog
  1494 | D        | Reached ****** piety under Trog
  1495 | D        | Killed an orc sorcerer
  1496 | D        | Reached XP level 10. HP: 84/107 MP: 9/9
  1496 | D        | Received a gift from Trog
  1501 | D        | Found Ycusa's Distillery.
  1588 | D        | Bought a potion of flight for 39 gold pieces
  1588 | D        | Bought a potion of haste for 130 gold pieces
  1599 | D        | Noticed a deep elf zephyrmancer
  1599 | D        | Noticed a deep elf zephyrmancer
  1599 | D        | Noticed a deep elf zephyrmancer
  1599 | D        | Noticed a deep elf knight
  1599 | D        | Noticed a deep elf zephyrmancer
  1611 | D        | Killed a deep elf zephyrmancer
  1612 | D        | Reached skill level 1 in Evocations
  1621 | D        | Killed a deep elf knight
  1621 | D        | Received a gift from Trog
  1622 | D        | Killed a deep elf zephyrmancer
  1624 | D        | Killed a deep elf zephyrmancer
  1625 | D        | Reached skill level 5 in Stealth
  1628 | D        | Noticed a deep elf annihilator
  1631 | D        | Noticed a deep elf high priest
  1634 | D        | Killed a deep elf zephyrmancer
  1634 | D        | Received a gift from Trog
  1878 | D        | Received a gift from Trog
  1879 | D        | Received a gift from Trog
  1882 | D        | Reached skill level 10 in Dodging
  1883 | D        | Received a gift from Trog
  1899 | D        | Reached XP level 11. HP: 47/117 MP: 10/10
  1899 | D        | Received a gift from Trog
  2265 | D        | Noticed Donald
  2265 | D        | Noticed Frances
  2274 | D        | Killed Frances
  2279 | D        | Killed Donald
  2483 | D        | Noticed a yaktaur captain
  2483 | D        | Noticed a yaktaur captain
  2500 | D        | Received a gift from Trog
  2620 | D        | Noticed an orange crystal statue
  2633 | D        | Killed an orange crystal statue
  2644 | D        | Found Eghenk's Antique Armour Emporium.
  2644 | D        | Found Qob Nyept's Magic Scroll Shop.
  2644 | D        | Found Xidu's Jewellery Shoppe.
  2644 | D        | Found Veuxori's Assorted Antiques.
  2644 | D        | Found Cuqic's Antique Armour Shop.
  2644 | D        | Found Bisonuwyi's Book Emporium.
  2644 | D        | Found Vienluz's Antique Weapon Boutique.
  2645 | D        | Found Zerch's Distillery.
  2645 | D        | Found Teshinuz's Armour Shoppe.
  2645 | D        | Found Veoheok's Distillery.
  2645 | D        | Found Xuirohope's General Store.
  2691 | D        | Bought an amulet of reflection for 330 gold pieces
  2702 | D        | Bought a scroll of holy word for 105 gold pieces
  2715 | D        | Bought a shiny plate armour for 442 gold pieces
  2764 | D        | Reached skill level 5 in Evocations
  2774 | D        | Received a gift from Trog
  2983 | D        | Noticed a centaur warrior
  2987 | D        | Killed a centaur warrior
  3067 | D        | Noticed a fire dragon
  3080 | D        | Killed a fire dragon
  3081 | D        | Reached skill level 1 in Shields
  3224 | D        | Noticed a +2 halberd of venom
  3224 | D        | Noticed a +2 dire flail of protection
  3231 | D        | Killed a +2 halberd of venom
  3233 | D        | Noticed a +5 antimagic short sword
  3234 | D        | Killed a +2 dire flail of protection
  3239 | D        | Killed a +5 antimagic short sword
  3242 | D        | Noticed a +4 vorpal war axe
  3248 | D        | Killed a +4 vorpal war axe
  3249 | D        | Reached XP level 12. HP: 13/130 MP: 7/11
  3577 | D        | Noticed a yaktaur captain
  3614 | D        | Killed a yaktaur captain
  3614 | D        | Received a gift from Trog
  3893 | D        | Noticed Chuck
  4026 | D        | Killed Chuck
  4027 | D        | Reached skill level 10 in Armour
  4165 | D        | Noticed a bone dragon
  4180 | D        | Killed a bone dragon
  4483 | D        | Noticed a vampire knight
  4489 | D        | Killed a vampire knight
  4489 | D        | Received a gift from Trog
  4570 | D        | Reached skill level 5 in Shields
  4667 | D        | Noticed a bone dragon
  4682 | D        | Killed a bone dragon
  5029 | D        | Received a gift from Trog
  5287 | D        | Noticed a bone dragon
  5307 | D        | Killed a bone dragon
  5587 | D        | Identified the +8 halberd "Edimat" {vorpal, Will+} (Trog
                  | gifted it to you in the Dungeon)
  5587 | D        | Received a gift from Trog
  5778 | D        | Reached XP level 13. HP: 146/146 MP: 12/12
  5805 | D        | Received a gift from Trog
  5820 | D        | Noticed Urug
  5822 | D        | Killed Urug
  5839 | D        | Reached skill level 15 in Armour
  6359 | D        | Noticed Polyphemus
  6373 | D        | Killed Polyphemus
  6377 | D        | Received a gift from Trog
  6377 | D        | Found the +5 glaive of the Guard {elec, spectral, AC+5}
  6511 | D        | Noticed Ilsuiw
  6528 | D        | Killed Ilsuiw
  6673 | D        | Found Ununum's Book Emporium.
  6904 | D        | Found Jawuseito's Antique Weapon Shop.
  6905 | D        | Found Vofy's Magic Scroll Shoppe.
  6907 | D        | Noticed a merfolk javelineer
  6933 | D        | Killed a merfolk javelineer
  6984 | D        | Got a barnacled rune of Zot
  6997 | D        | Bought 3 scrolls of holy word for 315 gold pieces
  7075 | D        | Found a blossoming altar of Fedhas.
  7080 | D        | Received a gift from Trog
  7179 | D        | Received a gift from Trog
  7242 | D        | Noticed Rupert
  7248 | D        | Killed Rupert
  7386 | D        | Reached skill level 27 in Polearms
  7397 | D        | Received a gift from Trog
  7403 | D        | Noticed an azure jelly
  7403 | D        | Noticed an azure jelly
  7522 | D        | Reached skill level 1 in Throwing
  7731 | D        | Received a gift from Trog
  7765 | D        | Reached XP level 14. HP: 161/162 MP: 13/13
  7775 | D        | Identified the +1 spear "Doipo" {vorpal, +Blink rElec}
                  | (Trog gifted it to you in the Dungeon)
  7775 | D        | Received a gift from Trog
  7907 | D        | Noticed a nagaraja
  7910 | D        | Found Ynlet's Antique Armour Boutique.
  7910 | D        | Found Deumosug's Distillery.
  7916 | D        | Killed a nagaraja
  7922 | D        | Found Waogroajui's Jewellery Shop.
  7961 | D        | Bought a glowing hat for 161 gold pieces
  7986 | D        | Got a serpentine rune of Zot
  8112 | D        | Noticed an azure jelly
  8112 | D        | Noticed an azure jelly
  8113 | D        | Noticed Gastronok
  8118 | D        | Received a gift from Trog
  8125 | D        | Killed Gastronok
  8126 | D        | Reached skill level 10 in Shields
  8137 | D        | Killed an azure jelly
  8138 | D        | Reached skill level 27 in Fighting
  8140 | D        | Killed an azure jelly
  8140 | D        | Received a gift from Trog
  8144 | D        | Killed an azure jelly
  8146 | D        | HP: 7/168 [azure jelly (43)]
  8150 | D        | Killed an azure jelly
  8772 | D        | Noticed Frederick
  8795 | D        | Killed Frederick
  8795 | D        | Received a gift from Trog
  8932 | D        | Noticed a broodmother
  8932 | D        | an ice dragon changed into a broodmother
  8937 | D        | a broodmother changed into an ice dragon
  9078 | D        | Noticed a lich
  9083 | D        | Killed a lich
  9254 | D        | Noticed a shadow dragon
  9255 | D        | Noticed a shadow dragon
  9270 | D        | Killed a shadow dragon
  9279 | D        | Killed a shadow dragon
  9281 | D        | Received a gift from Trog
  9626 | D        | Noticed a golden dragon
  9627 | D        | Noticed a fire giant
  9627 | D        | Noticed a frost giant
  9627 | D        | Noticed a golden dragon
  9627 | D        | Noticed a frost giant
  9628 | D        | Noticed a golden dragon
  9629 | D        | Noticed a shadow dragon
  9630 | D        | Noticed a stone giant
  9634 | D        | Reached skill level 15 in Shields
  9636 | D        | Received a gift from Trog
  9653 | D        | Killed a golden dragon
  9654 | D        | Reached XP level 15. HP: 170/174 MP: 14/14
  9658 | D        | Killed a golden dragon
  9681 | D        | Received a gift from Trog
  9684 | D        | HP: 4/174 [golden dragon (24)]
  9686 | D        | Killed a golden dragon
  9686 | D        | HP: 1/174 [frost giant/bolt of cold (19)]
  9686 | D        | Killed from afar by a frost giant

Illustrated notes

Levels and vault maps discovered:
D:        dungeon_sprint_mu [sprint_mu_entry_forest, sprint_mu_temple_rooms,
          sprint_mu_d1_spiders, sprint_mu_d2_genie, sprint_mu_d3_branching,
          sprint_mu_orc_legion, sprint_mu_elf_gauntlet, sprint_mu_hive_nellie,
          sprint_mu_lair_fedhas, sprint_mu_vaults_butterflies,
          sprint_mu_slime_circle, sprint_mu_shoals_archi,
          sprint_mu_snake_twists, sprint_mu_blade_basic,
          sprint_mu_crypt_chambers, sprint_mu_tomb_spiral,
          sprint_mu_vestibule_basic, sprint_mu_gehenna_hellfire,
          sprint_mu_dis_giant, sprint_mu_tartarus_statrot,
          sprint_mu_cocytus_islands, sprint_mu_zot1]

Skill      XL: |  1  2  3  4  5  6  7  8  9 10 11 12 13 14 15 |
---------------+----------------------------------------------+-----
Fighting       | 5 7 8 9 11 12 14 15 17 19 22 25 27 | 27.0
Polearms       | 6 7 9 11 13 14 17 19 21 24 25 27 | 27.0
Armour         | 3 4 5 6 7 9 14 19 24 | 24.4
Dodging        | 3 4 6 8 10 11 12 13 | 13.1
Stealth        | 2 3 5 6 |  6.6
Evocations     | 3 5 6 |  6.9
Shields        | 2 6 9 18 19 | 19.2
Throwing       | 1 2 |  2.5

Action                   |  1- 3 |  4- 6 |  7- 9 | 10-12 | 13-15 || total
-------------------------+-------+-------+-------+-------+-------++-------
Melee: Spear             |    15 |    33 |    30 |       |       ||    78
       Headbutt          |     2 |     6 |    12 |    45 |    63 ||   128
       Glaive            |       |       |    39 |   102 |    47 ||   188
       Bardiche          |       |       |       |   144 |   164 ||   308
       Demon trident     |       |       |       |       |   125 ||   125
Throw: Dart              |       |       |       |       |     1 ||     1
Invok: Berserk           |     1 |     1 |     3 |    11 |     8 ||    24
       Brothers in Arms  |       |       |       |     2 |     4 ||     6
       Trog's Hand       |       |       |       |       |     1 ||     1
Evoke: Lightning rod     |       |       |     3 |    12 |    11 ||    26
       Tin of tremorston |       |       |       |       |     3 ||     3
  Use: Potion            |       |       |     1 |     3 |     2 ||     6
       Scroll            |       |       |       |       |     6 ||     6
 Stab: Sleeping          |       |     1 |     1 |       |       ||     2
       Distracted        |       |       |       |       |     1 ||     1
Armor: Animal skin       |       |     1 |     1 |     6 |       ||     8
       Plate armour      |       |       |       |    60 |   139 ||   199
Dodge: Dodged            |     1 |     8 |    12 |    82 |    89 ||   192
Block: Other             |       |       |       |    27 |    27 ||    54
       Reflection        |       |       |       |       |     3 ||     3
       Tower shield      |       |       |       |       |    88 ||    88
       Kite shield       |       |       |       |       |     6 ||     6

Table legend: (Time is in decaauts)
 A = Elapsed time spent in this place.
 B = Non-inter-level travel time spent in this place.
 C = Inter-level travel time spent in this place.
 D = Time resting spent in this place.
 E = Time spent auto-exploring this place.
 F = Levels seen in this place.
 G = Mean time per level.
                   A        B        C        D        E       F      G
               +--------+--------+--------+--------+--------+-----+--------+
         Total |   9744 |   9537 |    207 |   7045 |    319 |   1 | 9744.0 |
       Dungeon |   9744 |   9537 |    207 |   7045 |    319 |   1 | 9744.0 |
               +--------+--------+--------+--------+--------+-----+--------+

Top non-repeatable levels by time:
       D: 9744 daAuts
